 Dungeon Crawl Stone Soup version 0.29.0-10-g45618ea6d2 (webtiles) character file.

Game seed: 17033417190396361425

5506 Flugkiller the Cleaver (level 10, 0/91 HPs)
             Began as a Minotaur Fighter on Sept 1, 2022.
             Was a Priest of Okawaru.
             Slain by a death yak (5 damage)
             ... on level 9 of the Dungeon.
             The game lasted 00:04:45 (11276 turns).

Flugkiller the Cleaver (Minotaur Fighter)          Turns: 11276, Time: 00:04:45

Health: 0/91       AC: 13    Str: 21    XL:     10   Next: 42%
Magic:  11/13      EV: 13    Int:  5    God:    Okawaru [***...]
Gold:   583        SH:  7    Dex: 23    Spells: 9/9 levels left

rFire   + . .      SeeInvis .   a - +1 war axe
rCold   . . .      Faith    .   c - +0 buckler
rNeg    . . .      Spirit   .   b - +0 scale mail
rPois   .          Reflect  .   x - +2 hat
rElec   .          Harm     .   (no cloak)
rCorr   .          Rampage  .   h - +0 pair of gloves
Will    .....                   (no boots)
Stlth   ++........              (no amulet)
HPRegen 0.25/turn               A - ring "Izxezic" {Fly rF+ Dex+3}
MPRegen 0.13/turn               v - +6 ring of dexterity

@: heroic, flying
A: horns 2, retaliatory headbutt
a: Renounce Religion, Heroism


You were on level 9 of the Dungeon.
You worshipped Okawaru.
Okawaru was most pleased with you.
You visited 1 branch of the dungeon, and saw 9 of its levels.

You collected 583 gold pieces.

Inventory:

Hand Weapons
 a - a +1 war axe (weapon)
Missiles
 B - 3 boomerangs of dispersal (quivered)
Armour
 b - a +0 scale mail (worn)
 c - a +0 buckler (worn)
 h - a +0 pair of gloves (worn)
   (You found it on level 4 of the Dungeon)
 x - a +2 hat (worn)
   (You found it on level 5 of the Dungeon)
Jewellery
 v - a +6 ring of dexterity (right hand)
   (You found it on level 7 of the Dungeon)
 A - the ring "Izxezic" (left hand) {Fly rF+ Dex+3}
   (You found it on level 7 of the Dungeon)

   [ring of flight]

   Dex:       It affects your dexterity (+3).
   rF:        It protects you from fire.
   Fly:       It grants you flight.
Wands
 s - a wand of roots (10)
   (You found it on level 3 of the Dungeon)
 C - a wand of light (3)
   (You found it on level 7 of the Dungeon)
Scrolls
 e - 4 scrolls of enchant weapon
 l - a scroll of magic mapping
 m - 2 scrolls of fog
 o - a scroll of vulnerability
 p - 2 scrolls of immolation
 t - a scroll of teleportation
 u - a scroll of enchant armour
Potions
 d - 3 potions of might
 f - 6 potions of lignification
 g - 2 potions of invisibility
 i - a potion of attraction {unknown}
 j - 2 potions of flight
 k - a potion of experience {unknown}
 n - a potion of berserk rage {unknown}
 q - a potion of curing
 w - a potion of heal wounds


   Skills:
 + Level 9.5(14.5) Fighting
 * Level 12.5(17.5) Axes
 + Level 9.5(14.5) Armour
 - Level 3.6(8.6) Shields
 + Level 5.4 Invocations


You had 9 spell levels left.
You didn't know any spells.
Your spell library was empty.

Dungeon Overview and Level Annotations

Branches:
Dungeon (9/15)             Temple (0/1) D:6            Lair (0/5) D:9
    Orc: D:9-12

Altars:
Dithmenos
Kikubaaqudgha
Okawaru
Qazlal
Sif Muna
Vehumet
Wu Jian

Annotations:
D:6 exclusion: 2 goblins
D:9 exclusion: statue


Innate Abilities, Weirdness & Mutations

You have a pair of horns on your head.
You reflexively headbutt those who attack you in melee.


Message History

A gnoll is nearby!
A gnoll is nearby!
The gnoll shouts!
You hear a bellow! x2
A yak comes into view. 3 yaks come into view.
The yak bellows! x3; The gnoll shouts!
You hear a bellow! x2; You hear a howl!
A yak comes into view.
A yak comes into view.
Found an ancient bone altar of Kikubaaqudgha.
The death yak bellows!
The howler monkey howls!
The yak bellows!
The death yak snorts and paws the ground.
You block the gnoll's attack.
You hit the gnoll but do no damage. The gnoll misses you.
You closely miss the gnoll. You headbutt the gnoll!
The gnoll is almost dead.
You hit the gnoll. The gnoll hits you with a +0 whip.
The gnoll barely misses you.
You slice the gnoll!!
You kill the gnoll!
Okawaru accepts your kill.
You hit the yak. You closely miss the gnoll.
The gnoll hits you but does no damage. The yak gores you.
You block the gnoll's attack.
You hit the gnoll.
You kill the gnoll!
You closely miss the yak. The gnoll barely misses you. The yak gores you.
You slash the yak!
The yak is moderately wounded.
You hit the yak.
The howler monkey hoots and howls with incredible vigour!
The gnoll closely misses you. The yak gores you!
You hear a shout!
You hit the yak.
The yak is moderately wounded.
You hit the death yak but do no damage. The gnoll closely misses you.
The yak gores you but does no damage. The howler monkey barely misses you.
You slash the yak! You headbutt the yak.
The yak is severely wounded.
You barely miss the howler monkey. You hit the death yak but do no damage.
The gnoll hits you but does no damage. The howler monkey hits you.
The yak completely misses you.
The death yak gores you but does no damage.
You slice the yak!!
You kill the yak!
Okawaru accepts your kill.
You hit the howler monkey. You hit the death yak.
You hear a shout!
The gnoll hits you from afar with a +0 spear.
The howler monkey barely misses you. The death yak gores you!
You feel your dexterity returning.
You hit the gnoll sergeant.
The gnoll sergeant is lightly wounded.
You slash the howler monkey!
You kill the howler monkey!
Okawaru accepts your kill.
You hit the death yak but do no damage.
The gnoll hits you from afar with a +0 spear.
The gnoll sergeant blocks your attack.
The gnoll sergeant is lightly wounded.
You hit the death yak but do no damage. You block the gnoll sergeant's attack.
The gnoll hits you from afar with a +0 spear.
You gain the combat prowess of a mighty hero.
You can no longer speed up your combat.
The death yak snorts and paws the ground.
The gnoll sergeant hits you with a +0 spear.
The death yak gores you but does no damage.
The gnoll hits you but does no damage. x2
You slash the gnoll sergeant! You headbutt the gnoll sergeant.
The gnoll sergeant is severely wounded.
You hit the death yak. You barely miss the gnoll.
The gnoll sergeant hits you with a +0 spear!
The death yak gores you. The gnoll sergeant blocks your attack.
The gnoll sergeant is severely wounded.
You hit the death yak but do no damage. You completely miss the death yak.
You block the gnoll's attack.
The gnoll sergeant hits you with a +0 spear.
You block the death yak's attack.
You hit the gnoll sergeant but do no damage.
You headbutt the gnoll sergeant!
The gnoll sergeant is almost dead.
You hit the death yak. x2; The gnoll hits you but does no damage.
You hit the gnoll sergeant.
You kill the gnoll sergeant!
Okawaru accepts your kill.
You hit the death yak. x2; The death yak misses you.
You block the death yak's attack.
You completely miss the death yak.
The death yak is lightly wounded.
You hit the death yak. You block the gnoll's attack. The death yak gores you.
The death yak gores you!
* * * LOW HITPOINT WARNING * * *
The death yak attacks as you move away! The death yak gores you!
* * * LOW HITPOINT WARNING * * *
The death yak attacks as you move away! The death yak closely misses you.
Items here: ) [[ †.
The death yak attacks as you move away! The death yak gores you!
* * * LOW HITPOINT WARNING * * *
The death yak attacks as you move away! The death yak gores you.
You die...

.........##
........#.##
....#.###..#
..###....#.#
#.# ##...#.#
... #####.####
....#####....#
..........##.#
.~..~.†Y@..# #
.~≈~≈g)Y#....#
.≈≈≈≈YY##.#.##
~~≈~Y.g #.#.#
...~~.Y #.#.#
....~.. #.# #
⌠....~_ ..
..##... .. .#
####


You could see 2 death yaks, 3 yaks and 2 gnolls.

Vanquished Creatures
  A two-headed ogre (D:8)
  A death yak (D:8)
  A yak (D:9)
  2 wyverns
  Menkaure (D:7)
  2 acid dragons (D:9)
  3 water moccasins
  A sky beast (D:8)
  A black bear (D:7)
  3 ogres
  2 centaurs
  3 kobold brigands
  Blork the orc (D:4)
  A bullfrog (D:8)
  4 gnoll sergeants
  4 necrophages
  3 scorpions
  5 wights (D:7)
  10 killer bees
  6 howler monkeys
  An orc priest (D:4)
  2 jellies (D:6)
  Jessica (D:3)
  4 iguanas
  Terence (D:3)
  An orc wizard (D:7)
  Robin (D:3)
  26 gnolls
  7 adders
  A river rat (D:3)
  2 shadow imps
  4 white imps
  An ufetubus (D:4)
  A worm (D:3)
  4 dart slugs
  5 orcs
  2 endoplasms (D:1)
  3 giant cockroaches (D:3)
  15 goblins
  12 hobgoblins
  4 quokkas
  3 ball pythons (D:4)
  3 bats
  5 frilled lizards
  12 kobolds
  6 rats
182 creatures vanquished.

Vanquished Creatures (others)
  5 plants (D:2)
5 creatures vanquished.

Grand Total: 187 creatures vanquished

Notes
Turn   | Place    | Note
-------+----------+-------------------------------------------
     0 | D:1      | Flugkiller the Minotaur Fighter began the quest for the
                  | Orb.
     0 | D:1      | Reached XP level 1. HP: 19/19 MP: 0/0
   311 | D:1      | Reached skill level 3 in Axes
   311 | D:1      | Reached XP level 2. HP: 23/27 MP: 1/1
   586 | D:1      | Found a faded altar of an unknown god.
   949 | D:2      | Reached XP level 3. HP: 20/33 MP: 2/2
  1210 | D:2      | Reached skill level 4 in Axes
  1228 | D:2      | Reached XP level 4. HP: 40/40 MP: 3/3
  2028 | D:3      | Noticed Robin
  2029 | D:3      | Noticed Terence
  2034 | D:3      | Noticed Jessica
  2242 | D:3      | Killed Robin
  2243 | D:3      | Reached XP level 5. HP: 47/47 MP: 4/4
  2251 | D:3      | Killed Terence
  2252 | D:3      | Reached skill level 5 in Axes
  2278 | D:3      | Killed Jessica
  2406 | D:3      | Found a stormy altar of Qazlal.
  2449 | D:3      | Found a shimmering blue altar of Sif Muna.
  2589 | D:3      | Identified the +3 whip of the Several Places {venom, rN+
                  | Dex+3}
  2903 | D:3      | Reached skill level 5 in Fighting
  2903 | D:3      | Reached skill level 5 in Armour
  3046 | D:4      | Noticed Blork the orc
  3053 | D:4      | Killed Blork the orc
  3054 | D:4      | Reached XP level 6. HP: 40/56 MP: 5/5
  3185 | D:4      | Reached skill level 6 in Axes
  4394 | D:5      | Entered Level 5 of the Dungeon
  4405 | D:5      | Reached XP level 7. HP: 61/62 MP: 6/6
  4795 | D:5      | Reached skill level 7 in Axes
  5155 | D:5      | Found an ornate altar of the Wu Jian Council.
  5605 | D:5      | Reached skill level 8 in Axes
  6082 | D:6      | Reached XP level 8. HP: 71/71 MP: 7/7
  6089 | D:6      | Found an iron altar of Okawaru.
  6097 | D:6      | Became a worshipper of Warmaster Okawaru
  6375 | D:6      | Found a staircase to the Ecumenical Temple.
  6421 | D:6      | Reached skill level 1 in Invocations
  6703 | D:6      | Reached * piety under Okawaru
  6704 | D:6      | Reached skill level 9 in Axes
  7010 | D:6      | Found a shadowy altar of Dithmenos.
  7765 | D:7      | Identified the ring "Izxezic" {Fly rF+ Dex+3}
  7802 | D:7      | Reached XP level 9. HP: 78/78 MP: 10/10
  7807 | D:7      | Reached ** piety under Okawaru
  7814 | D:7      | Reached skill level 10 in Axes
  8093 | D:7      | Noticed Menkaure
  8098 | D:7      | Killed Menkaure
  8861 | D:8      | Noticed a two-headed ogre
  8870 | D:8      | Killed a two-headed ogre
  8871 | D:8      | Reached skill level 11 in Axes
  9097 | D:8      | Reached *** piety under Okawaru
 10006 | D:9      | Reached XP level 10. HP: 81/90 MP: 12/12
 10035 | D:9      | Noticed a death yak
 10037 | D:9      | Noticed a death yak
 10037 | D:9      | Noticed a death yak
 10038 | D:9      | Noticed a death yak
 10039 | D:9      | Noticed a death yak
 10411 | D:8      | Killed a death yak
 10412 | D:8      | Reached skill level 12 in Axes
 10412 | D:8      | Reached skill level 5 in Invocations
 11031 | D:9      | Received a gift from Okawaru
 11031 | D:9      | Reached **** piety under Okawaru
 11226 | D:9      | Found a radiant altar of Vehumet.
 11243 | D:9      | Found a staircase to the Lair.
 11257 | D:9      | Found an ancient bone altar of Kikubaaqudgha.
 11276 | D:9      | Slain by a death yak

Illustrated notes

Levels and vault maps discovered:
D:1:      elethiomel_arrival_infinity_welcomes_careful_drivers, layout_basic,
          chequers_ecumenical_altar_simple_redux, st_stairs_12
D:2:      layout_basic, serial_bayou_lagoon_b
D:3:      layout_basic, nicolae_qazlal_general_emergency,
          nicolae_sif_muna_condensation, gup_sewer_entry_bubbles,
          grunt_decor_one_mirror, uniq_jessica, uniq_terence, uniq_robin
D:4:      layout_basic, uniq_blork_the_orc
D:5:      layout_layer_cave, mainiacjoe_overflow_concentric_impassable
D:6:      layout_layer_cave, nicolae_dithmenos_through_a_glass_darkly,
          kennysheep_okawaru_gauntlet, minmay_temple_entry_wispy
D:7:      layout_cave_pods, minmay_diced_spiral, uniq_menkaure
D:8:      layout_basic
D:9:      layout_rooms, old_standard_altar, mainiacjoe_overflow_paths,
          vehumet_statue, kiku_gazebo_pond_becter, dpeg_lair_monsters,
          minmay_misc_feat_pillars

Skill      XL: |  1  2  3  4  5  6  7  8  9 10 |
---------------+-------------------------------+-----
Axes           | 3 4 5 6 8 9 11 12 | 12.5
Fighting       | 4 5 6 7 8 9 |  9.5
Armour         | 4 5 6 7 8 9 |  9.5
Invocations    | 2 4 5 |  5.4
Shields        | |  3.6

Action                   |  1- 3 |  4- 6 |  7- 9 | 10-12 || total
-------------------------+-------+-------+-------+-------++-------
Melee: War axe           |    45 |   148 |   226 |    86 ||   505
       Headbutt          |     5 |    22 |    42 |    23 ||    92
Invok: Heroism           |       |       |       |     5 ||     5
Evoke: Wand              |       |       |     2 |     7 ||     9
  Use: Scroll            |       |       |    16 |     3 ||    19
       Potion            |       |       |     3 |       ||     3
 Stab: Distracted        |       |     1 |       |       ||     1
Armor: Scale mail        |    24 |    56 |   102 |    31 ||   213
Dodge: Dodged            |    19 |    61 |   122 |    38 ||   240
Block: Buckler           |     7 |    22 |    67 |    26 ||   122
